[Event "*** Titled Tuesday Blitz"]
[Site "Chess.com"]
[Date "2020.04.07"]
[Round "4"]
[White "JakeCarlosBanawa"]
[Black "violetflower04"]
[Result "1-0"]
[WhiteElo "2429"]
[BlackElo "2189"]
[TimeControl "180+1"]
[EndTime "13:40:39 PDT"]
[Termination "JakeCarlosBanawa won by resignation"]

1. d4 Nf6 2. c4 e6 3. Nc3 Bb4 4. Nf3 d5 5. cxd5 exd5 6. Bg5 h6 7. Bxf6 Qxf6 8. e3 O-O 9. Be2 Bf5 10. O-O c6 11.
Qb3 Qe7 12. a3 Bd6 13. Rfc1 Bc8 14. Na4 Nd7 15. Qc2 Nf6 16. b4 Ne4 17. Nc5 Bf5 18. Bd3 Rfe8 19. Rab1 a6 20. a4 Bg4 21. Bxe4 dxe4 22.
Nd2 f5 23. b5 Qh4 24. Nf1 axb5 25. Nxb7 Bb8 26. Qxc6 Rf8 27. axb5 Ra2 28. Qc4+ Kh8 29. Qxa2 Bf3 30. Ng3 Bg4 31. Qa3 Rg8 32. Qc3 f4 33. exf4 Bxf4 34. Re1 Bxg3 35. hxg3 Qg5 36. Nc5 1-0

[Event "*** Titled Tuesday Blitz"]
[Site "Chess.com"]
[Date "2020.04.07"]
[Round "4"]
[White "djogrodek1"]
[Black "mersad_98"]
[Result "0-1"]
[WhiteElo "2508"]
[BlackElo "2713"]
[TimeControl "180+1"]
[EndTime "13:40:40 PDT"]
[Termination "mersad_98 won on time"]

1. Nf3 d5 2. e3 Nf6 3. c4 c5 4.
cxd5 Nxd5 5. Nc3 Nc6 6. Bc4 Nb6 7. Bb5 Bd7 8. O-O g6 9. d4 cxd4 10. exd4 Bg7 11. d5 Nb4 12. Re1 O-O 13. a3 Bxb5 14.
axb4 Bc4 15. Bg5 Nxd5 16. Nxd5 Qxd5 17. Bxe7 Rfe8 18. Qc2 Bd3 19. Qd2 Be4 20. Qxd5 Bxd5 21. Rad1 Bxf3 22. gxf3 Bxb2 23. Rd7 b6 24. Re2 Bf6 25.
b5 a6 26. bxa6 Rxe7 27. Rexe7 Bxe7 28. Rxe7 Rxa6 0-1

[Event "*** Titled Tuesday Blitz"]
[Site "Chess.com"]
[Date "2020.04.07"]
[Round "4"]
[White "manubibi"]
[Black "AEMEffi"]
[Result "1-0"]
[WhiteElo "2550"]
[BlackElo "2343"]
[TimeControl "180+1"]
[EndTime "13:40:40 PDT"]
[Termination "manubibi won on time"]

1. e4 e5 2. Nf3 Nc6 3. Bb5 Nf6 4.
d3 Bc5 5. c3 d5 6. Nxe5 dxe4 7.
Nxc6 bxc6 8. Bxc6+ Bd7 9. Bxa8 Qxa8 10. d4 Bd6 11. Be3 O-O 12. h3 Nd5 13. O-O f5 14. c4 Nxe3 15. fxe3 Bg3 16. Nc3 Qe8 17. Ne2 Bh4 18.
Qd2 Be7 19. b4 g5 20. a4 h5 21. b5 h4 22. c5 f4 23. exf4 g4 24. Qe3 Qg6 25.
Kh2 Bf5 26. Ra3 Rf7 27. d5 Rg7 28. Rg1 g3+ 29. Kh1 Bxc5 30. Qxc5 Bxh3 31. gxh3 Qf5 32. Rg2 Qxh3+ 33. Kg1 Qg4 34. Qe3 Qf5 35. Nxg3 Qxd5 36. Nxe4 Qd1+ 37. Kh2 Rxg2+ 38. Kxg2 Qg4+ 39. Kh2 1-0

[Event "*** Titled Tuesday Blitz"]
[Site "Chess.com"]
[Date "2020.04.07"]
[Round "4"]
[White "jefferyx"]
[Black "Aygehovit1992"]
[Result "1-0"]
[WhiteElo "2906"]
[BlackElo "2727"]
[TimeControl "180+1"]
[EndTime "13:40:42 PDT"]
[Termination "jefferyx won on time"]

1. d4 Nf6 2. c4 g6 3. Nc3 Bg7 4. e4 d6 5. Be2 O-O 6. Be3 Nc6 7. d5 Ne5 8. h3 e6 9. f4 Ned7 10.
dxe6 fxe6 11. Bf3 e5 12. f5 gxf5 13. exf5 e4 14. Be2 Ne5 15. g4 c6 16. Qd2 d5 17. O-O-O Qa5 18. g5 Bxf5 19. gxf6 Bxf6 20. Bg5 Bg7 21. cxd5 Nd3+ 22. Bxd3 exd3 23. Bh6 cxd5 24.
Bxg7 Kxg7 25. Nf3 Rac8 26. Rhg1+ Bg6 27. Qxd3 Qxa2 28. Nd2 Qa1+ 29. Nb1 Rf6 30. h4 d4 31.
Rxg6+ hxg6 32. Qxd4 Rxc3+ 33. Qxc3 1-0

[Event "*** Titled Tuesday Blitz"]
[Site "Chess.com"]
[Date "2020.04.07"]
[Round "4"]
[White "RzayevB"]
[Black "michaelk123"]
[Result "1-0"]
[WhiteElo "2653"]
[BlackElo "2429"]
[TimeControl "180+1"]
[EndTime "13:40:42 PDT"]
[Termination "RzayevB won on time"]

1. e4 c6 2. Nf3 d5 3. Nc3 a6 4. d4 Bg4 5. h3 Bh5 6. g4 Bg6 7. e5 e6 8. h4 h5 9. g5 c5 10. Bd3 Ne7 11. Bxg6 Nxg6 12. Be3 cxd4 13. Bxd4 Nc6 14.
Qd2 Qc7 15. O-O-O Nxd4 16. Qxd4 b5 17. Rhe1 Bc5 18. Qd2 Rc8 19. Kb1 O-O 20. Qe2 Bb4 21.
Nd4 Bxc3 22. bxc3 Qxc3 23. Qxh5 Rc4 24. Re3 Qb4+ 25. Rb3 Qc5 26. Nxe6 fxe6 27. Qxg6 Qxf2 28. Qxe6+ Kh7 29. g6+ Kh6 30. Rc1 Rfc8 31. Rb2 Qxh4 32. Qxd5 R4c5 33. Qg2 Qg5 34. Qh2+ Qh5 35. Qf4+ Qg5 36.
Qe4 1-0

[Event "*** Titled Tuesday Blitz"]
[Site "Chess.com"]
[Date "2020.04.07"]
[Round "4"]
[White "anon132639"]
[Black "DDTerziev04"]
[Result "1-0"]
[WhiteElo "2622"]
[BlackElo "2252"]
[TimeControl "180+1"]
[EndTime "13:40:42 PDT"]
[Termination "anon132639 won by resignation"]

1. d4 d5 2. Bf4 Nf6 3. e3 c5 4.
Nf3 Nc6 5. Nbd2 Bf5 6. c3 Qb6 7. Qb3 c4 8. Qxb6 axb6 9. a3 h6 10. Be2 e6 11. O-O b5 12. Ne5 Be7 13. g4 Bh7 14. f3 g5 15. Bg3 Nxe5 16. Bxe5 Rg8 17. Rae1 Nd7 18. Bg3 f5 19. gxf5 exf5 20. e4 f4 21. Bf2 Nb6 22. exd5 Nxd5 23. Nxc4 bxc4 24. Bxc4 Nf6 25. d5 Kd7 26. Bb5+ Kd8 27. Bb6+ Kc8 28. Rxe7 Nxd5 29. Rxh7 Nxb6 30. Re1 Nd5 31. Re5 Ne3 32. Ree7 Ra7 33. Bc6 Kb8 34. Rxb7+ Rxb7 35. Rxb7+ Kc8 36. Ra7 Rd8 37. Ra8+ Kc7 38. Rxd8 Kxd8 39. b4 Kc7 40.
Be4 Kb6 41. a4 Nd1 42. c4 Nb2 43. c5+ Ka6 44. Bc2 Nc4 45. Bd3 1-0

[Event "*** Titled Tuesday Blitz"]
[Site "Chess.com"]
[Date "2020.04.07"]
[Round "4"]
[White "Usurpov"]
[Black "SanQui14"]
[Result "0-1"]
[WhiteElo "2461"]
[BlackElo "2318"]
[TimeControl "180+1"]
[EndTime "13:40:42 PDT"]
[Termination "SanQui14 won by resignation"]

1. e4 e6 2. d4 d5 3. e5 c5 4.
c3 Nc6 5. Nf3 Qb6 6. a3 Bd7 7.
b4 cxd4 8. cxd4 Rc8 9. Bb2 Na5 10.
Nbd2 Nc4 11. Bxc4 dxc4 12. Rc1 Qa6 13. O-O Ne7 14. Ne4 Nd5 15. Nfg5 Be7 16. Qh5 g6 17. Qh6 Bf8 18. Qh4 h6 19. Nc5 Qc6 20. Rxc4 b6 21. Nxd7 Qxc4 22. Nf6+ Nxf6 23. exf6 Qd5 24. Nf3 Bd6 25.
Bc1 Kd7 26. Bf4 g5 27. Qh5 Bxf4 28. Qxf7+ Kc6 29. a4 Rc7 30. Qg6 Kb7 31. h4 Qf5 32. Qxf5 exf5 33. hxg5 hxg5 34. g3 Bd6 35. Re1 Rf8 36.
Re6 Rc6 37. Nxg5 Bxb4 38. d5 Rxe6 0-1

[Event "*** Titled Tuesday Blitz"]
[Site "Chess.com"]
[Date "2020.04.07"]
[Round "4"]
[White "mbojan"]
[Black "mc4chess"]
[Result "1-0"]
[WhiteElo "2693"]
[BlackElo "2366"]
[TimeControl "180+1"]
[EndTime "13:40:43 PDT"]
[Termination "mbojan won on time"]

1. e4 c5 2. Nf3 e6 3. d4 cxd4 4. Nxd4 a6 5. c4 Nf6 6. Nc3 Qc7 7. Be2 Nc6 8. O-O Be7 9. Be3 O-O 10. Rc1 Nxd4 11.
Qxd4 d6 12. Rfd1 Bd7 13. f3 Rac8 14. Bf1 Qb8 15. Qa7 Qxa7 16. Bxa7 Bc6 17. Be3 Nd7 18. Nd5 exd5 19. exd5 Bf6 20. dxc6 Rxc6 21. b3 Re8 22. Bf2 g6 23. Bd3 Nc5 24. Bf1 Ne6 25. g3 Rec8 26. Bg2 b5 27. f4 R6c7 28. Bb6 Rd7 29. cxb5 Rxc1 30. Rxc1 axb5 31. a4 bxa4 32. bxa4 Nd4 33. Kf1 d5 34. Rd1 Nc2 35. Rxd5 Re7 36. Rd3 Nb4 37. Rb3 Na6 38. a5 Re6 39. Bd5 Rd6 40. Bb7 Nb8 41. a6 Nxa6 42. Bxa6 Bd4 43. Bxd4 Rxd4 44.
Be2 h5 45. Kf2 Rd6 46. Rb5 Kg7 47. Rb2 Rc6 48. Ke3 Re6+ 49. Kf3 Re7 50. Bd3 Rd7 51. Be4 Rc7 52. Rb7 Rc3+ 53. Kg2 Rc5 54. Rd7 Kf8 55. Rd8+ Ke7 56. Rd5 Rc4 57. Re5+ Kf8 58. Bf3 Rc7 59. f5 1-0

[Event "*** Titled Tuesday Blitz"]
[Site "Chess.com"]
[Date "2020.04.07"]
[Round "4"]
[White "AliMentor20"]
[Black "johnathan113"]
[Result "1-0"]
[WhiteElo "2409"]
[BlackElo "2626"]
[TimeControl "180+1"]
[EndTime "13:40:44 PDT"]
[Termination "AliMentor20 won on time"]

1. e4 c5 2. Nf3 g6 3. d4 cxd4 4. Nxd4 Bg7 5. Nc3 Nc6 6. Nde2 Nf6 7. g3 O-O 8. Bg2 d6 9. h3 Bd7 10. O-O a6 11. a4 Rc8 12. Be3 Qa5 13. Ra2 Be6 14.
Ra1 Rfd8 15. Nf4 Bc4 16. Re1 Qb4 17. Nfd5 Bxd5 18. Nxd5 Nxd5 19. exd5 Ne5 20. b3 Rc7 21. Ra2 Rdc8 22. c4 b5 23. axb5 axb5 24. Bd2 Qc5 25. Ra5 Nd3 26. Re3 Qd4 27. Rxb5 Ra7 28. Qe2 Ra2 29.
Rxd3 Qf6 30. Kh2 h5 31. Qe3 h4 32. Bc3 Qf5 33. Bxg7 1-0

[Event "*** Titled Tuesday Blitz"]
[Site "Chess.com"]
[Date "2020.04.07"]
[Round "4"]
[White "GGX0X0"]
[Black "IljaJoke"]
[Result "0-1"]
[WhiteElo "2326"]
[BlackElo "2507"]
[TimeControl "180+1"]
[EndTime "13:40:44 PDT"]
[Termination "IljaJoke won by checkmate"]

1. d4 Nf6 2. c4 c5 3. d5 g6 4. Nc3 Bg7 5. e4 d6 6. h3 O-O 7. Nf3 e6 8. Bd3 Nbd7 9. O-O e5 10. a3 h6 11. b4 b6 12. Be3 Nh7 13.
Qd2 f5 14. Bxh6 f4 15. Bxg7 Kxg7 16. Nb5 Ndf6 17. bxc5 bxc5 18. Rab1 Nh5 19. Be2 a6 20. Nc3 Rh8 21. Nh2 Ng5 22. Bg4 Bxg4 23. hxg4 Nf6 24. Rb7+ Kg8 25. Rfb1 Rh7 26. f3 Nf7 27. Qb2 Nd7 28.
Qf2 Rb8 29. Rxb8 Nxb8 30. Nf1 Ng5 31. Qb2 Nd7 32. Qb7 Nxf3+ 33. gxf3 Qh4 34. Qxd7 Rxd7 35. Rb8+ Kg7 36. Na4 Qe1 37. Nb6 Rf7 38. Rd8 Qc3 39.
Rxd6 Qxf3 40. Re6 Qxg4+ 41. Kf2 f3 42. Nd2 Qg2+ 43. Ke3 Qe2# 0-1

[Event "*** Titled Tuesday Blitz"]
[Site "Chess.com"]
[Date "2020.04.07"]
[Round "4"]
[White "MasterKroket"]
[Black "Opening_Prep"]
[Result "1-0"]
[WhiteElo "2468"]
[BlackElo "2274"]
[TimeControl "180+1"]
[EndTime "13:40:44 PDT"]
[Termination "MasterKroket won on time"]

1. d4 Nf6 2. c4 e6 3. Nf3 d5 4. Nc3 a6 5. c5 b6 6. cxb6 cxb6 7. Bf4 Bd6 8. e3 O-O 9. Bd3 Bb7 10. Ne5 Nc6 11.
Qf3 b5 12. Qh3 h6 13. Ne2 Rc8 14. g4 Bxe5 15. dxe5 Ne4 16. Bxe4 dxe4 17. g5 hxg5 18. Rg1 f6 19. Qxe6+ Rf7 20. exf6 gxf6 21. Rd1 Qe7 22.
Qf5 Nb4 23. Bxg5 fxg5 24. Rxg5+ Rg7 25. Rxg7+ Qxg7 26. Rd7 Nd3+ 27. Kf1 Qh6 28. Rxb7 Rf8 29. Qg4+ Kh8 30. Nf4 Nxf4 31. exf4 1-0

[Event "*** Titled Tuesday Blitz"]
[Site "Chess.com"]
[Date "2020.04.07"]
[Round "4"]
[White "Zq1"]
[Black "dusanacns"]
[Result "1-0"]
[WhiteElo "2553"]
[BlackElo "2727"]
[TimeControl "180+1"]
[EndTime "13:40:45 PDT"]
[Termination "Zq1 won by resignation"]

1. d4 Nf6 2. c4 g6 3. Nc3 Bg7 4. e4 O-O 5. Nf3 c6 6. Be2 d5 7. e5 Ne4 8. O-O Nxc3 9. bxc3 dxc4 10. Bxc4 c5 11. h3 Nc6 12. Be3 cxd4 13. cxd4 Na5 14. Bd3 Be6 15. Qe2 Bd5 16. Rfc1 Qd7 17. Nd2 Rfc8 18.
Ne4 b6 19. Nc3 Bc4 20. Bxc4 Rxc4 21. Qf3 Rac8 22. Nd5 Rxc1+ 23. Rxc1 Rxc1+ 24. Bxc1 Bf8 25. Be3 Qa4 26. Qe4 Qxa2 27. e6 f5 28. Nxe7+ Bxe7 29. Qa8+ Kg7 30. d5 Qa1+ 31. Kh2 Qe5+ 32. g3 Nc4 33.
Qe8 Qc7 34. Qf7+ Kh8 35. Bh6 1-0

[Event "*** Titled Tuesday Blitz"]
[Site "Chess.com"]
[Date "2020.04.07"]
[Round "4"]
[White "CzechmVIII"]
[Black "dragos420"]
[Result "0-1"]
[WhiteElo "2233"]
[BlackElo "2519"]
[TimeControl "180+1"]
[EndTime "13:40:45 PDT"]
[Termination "dragos420 won by resignation"]

1. e4 e5 2. Nf3 Nc6 3. Bb5 g6 4. d4 exd4 5. Bg5 Be7 6. Bxe7 Qxe7 7.
Bxc6 dxc6 8. Qxd4 Nf6 9. Nc3 O-O 10. O-O-O Be6 11. h3 Rfd8 12. Qe3 a5 13. Nd4 Bd7 14. Rhe1 c5 15. Nf3 Bc6 16. e5 Nd5 17. Nxd5 Bxd5 18.
Kb1 Kg7 19. Qc3 b6 20. g4 h6 21. e6+ f6 22. h4 Rd6 23. g5 hxg5 24. hxg5 Rad8 25. gxf6+ Qxf6 26. Qxf6+ Kxf6 27. e7 Re8 28. Nh2 Rxe7 29. Ng4+ Kf7 30. Rxe7+ Kxe7 31. Ne5 Bxa2+ 32.
Kxa2 Rxd1 33. Nxg6+ Kf6 34. Nf4 Rd2 35. c4 c6 36. f3 Rf2 37. Nh5+ Ke5 38. Ng7 Rxf3 39. Ne8 Rf7 40. b3 Re7 0-1

[Event "*** Titled Tuesday Blitz"]
[Site "Chess.com"]
[Date "2020.04.07"]
[Round "4"]
[White "guilhermedeola"]
[Black "TomPolgar"]
[Result "0-1"]
[WhiteElo "2020"]
[BlackElo "2312"]
[TimeControl "180+1"]
[EndTime "13:40:45 PDT"]
[Termination "TomPolgar won by resignation"]

1. c4 Nf6 2. Nc3 g6 3. g3 Bg7 4.
Bg2 O-O 5. d4 d6 6. e3 Nbd7 7.
Nf3 c6 8. O-O Qc7 9. b3 e5 10.
Bb2 Re8 11. Rc1 b6 12. dxe5 dxe5 13. Ng5 Bb7 14. Nge4 Nxe4 15. Nxe4 Nf6 16. Qd6 Qd8 17.
Rfd1 Nxe4 18. Bxe4 Qc8 19. c5 b5 20. Qd7 Rd8 21. Qxc8 Raxc8 22. Kf1 f5 23. Bg2 b4 24.
Ke1 e4 25. Bf1 Bxb2 26. Bc4+ Kg7 27. Rxd8 Rxd8 28. Rc2 Bc3+ 29. Ke2 a5 30. f3 exf3+ 31.
Kxf3 Rd2 32. Rxd2 Bxd2 33. e4 Kf6 34. exf5 Kxf5 35. g4+ Ke5 36. h3 Kd4 37. Bg8 h6 38. Bf7 g5 39. Bc4 Bc8 0-1

[Event "*** Titled Tuesday Blitz"]
[Site "Chess.com"]
[Date "2020.04.07"]
[Round "4"]
[White "sergoy"]
[Black "JustaTrickstar"]
[Result "1-0"]
[WhiteElo "2869"]
[BlackElo "2661"]
[TimeControl "180+1"]
[EndTime "13:40:46 PDT"]
[Termination "sergoy won on time"]

1. d4 d5 2. c4 e6 3. Nf3 Nf6 4.
Nc3 Nbd7 5. Bf4 dxc4 6. e3 b5 7.
Nxb5 Bb4+ 8. Nc3 Nd5 9. a3 Bxc3+ 10. bxc3 Nxc3 11. Qc2 Nd5 12. Bg5 f6 13. Bh4 N7b6 14. Bxc4 c5 15. O-O cxd4 16. Nxd4 Nxc4 17. Qxc4 O-O 18.
Rfd1 Qe7 19. Nc6 Qf7 20. e4 Nb6 21. Qc5 e5 22. a4 Be6 23. a5 Nd7 24. Qd6 Rfe8 25. f3 a6 26. Bf2 Nf8 27. Rab1 Bc4 28. Rb6 Ng6 29. Qd7 Qxd7 30. Rxd7 Bb5 31. Rbb7 Nf8 32.
Rxg7+ Kh8 33. Nb4 Rab8 34. Nd5 Rxb7 35. Rxb7 Bc6 36. Rb6 1-0

[Event "*** Titled Tuesday Blitz"]
[Site "Chess.com"]
[Date "2020.04.07"]
[Round "4"]
[White "Alliswell998"]
[Black "Batica1984"]
[Result "0-1"]
[WhiteElo "2539"]
[BlackElo "2846"]
[TimeControl "180+1"]
[EndTime "13:40:46 PDT"]
[Termination "Batica1984 won by checkmate"]

1. d4 Nf6 2. Bg5 e6 3. e3 h6 4. Bxf6 Qxf6 5. Bd3 b6 6. Nd2 Bb7 7. Ngf3 g5 8. Qe2 Bg7 9. c3 d6 10. h3 Qe7 11. a4 a6 12. e4 Nd7 13. O-O h5 14.
Nh2 Nf6 15. f4 gxf4 16. Rxf4 Bh6 17. Rf2 Bxd2 18. Qxd2 Nxe4 19. Bxe4 Bxe4 20. Raf1 f5 21. Nf3 Rg8 22. a5 b5 23. Qe3 O-O-O 24. d5 Bxd5 25. Qa7 Bb7 26. Nd4 Rg6 27. Re1 Rdg8 28. Ree2 Qd7 29.
b3 c5 30. Nc2 e5 31. c4 f4 32.
cxb5 Qxb5 33. b4 f3 34. Rd2 Rxg2+ 35. Kh1 Rxf2 36. Rxf2 Rg2 37. Rxg2 fxg2+ 38. Kh2 Qf1 39. Ne3 g1=Q# 0-1

[Event "*** Titled Tuesday Blitz"]
[Site "Chess.com"]
[Date "2020.04.07"]
[Round "4"]
[White "GM-AndreyOrlov"]
[Black "Mikhail_Golubev"]
[Result "1-0"]
[WhiteElo "2737"]
[BlackElo "2512"]
[TimeControl "180+1"]
[EndTime "13:40:46 PDT"]
[Termination "GM-AndreyOrlov won on time"]

1. e4 c5 2. Nc3 Nc6 3. g3 g6 4. Bg2 Bg7 5. d3 e6 6. Be3 Nd4 7. Qd2 Ne7 8. Nd1 d5 9. c3 Ndc6 10.
exd5 exd5 11. Bxc5 d4 12. c4 O-O 13. Nf3 Re8 14. O-O Nf5 15. b4 b6 16. b5 bxc5 17. bxc6 Bh6 18. Qc2 Qc7 19. Nb2 Ne7 20. Na4 Nxc6 21.
a3 Qa5 22. Rab1 Ba6 23. h4 Rac8 24. Ng5 Bxg5 25. hxg5 Ne5 26. Bd5 Rb8 27. Kg2 Qc7 28. Rfe1 Kg7 29. Rxb8 Rxb8 30. Qe2 Nc6 31. Nxc5 Bc8 32.
Qe4 Bf5 33. Qf4 Qxf4 34. gxf4 Na5 35. Re7 Rf8 36. Rxa7 Rc8 37. Rxf7+ Kh8 38. Ne4 Bxe4+ 39.
Bxe4 Nb3 40. f5 Nc5 41. fxg6 Nxe4 42. Rxh7+ Kg8 43. dxe4 Rxc4 44. Rd7 Ra4 45. f3 1-0

[Event "*** Titled Tuesday Blitz"]
[Site "Chess.com"]
[Date "2020.04.07"]
[Round "4"]
[White "Mazetovic"]
[Black "Nancy11111"]
[Result "0-1"]
[WhiteElo "2613"]
[BlackElo "2380"]
[TimeControl "180+1"]
[EndTime "13:40:46 PDT"]
[Termination "Nancy11111 won by resignation"]

1. e4 c5 2. Nf3 d6 3. Bb5+ Nd7 4. O-O Nf6 5. d4 cxd4 6. Qxd4 e5 7. Qd3 h6 8. c4 Be7 9. Nc3 O-O 10. Bxd7 Bxd7 11.
b3 Bc6 12. Rd1 Nxe4 13. Nxe4 f5 14. Nfd2 fxe4 15. Nxe4 Qe8 16. Nc3 Bf6 17. Nd5 e4 18. Nxf6+ Rxf6 19. Qe3 Qe5 20. Bd2 Rg6 21. Bc3 Qh5 22.
Kh1 Rf8 23. Rg1 Rg4 24. Rae1 Rh4 25. Qg3 Rg4 26. Qxd6 Rxf2 27. Re3 Qg5 28. Rg3 Rxg3 29.
Qxg3 Qxg3 30. hxg3 Rxa2 31. Kh2 e3 32. g4 Ra3 33. Rb1 Be4 34. Rb2 Bd3 35. Bd4 e2 36. Bf2 Ra1 37. Rd2 Rd1 38. Ra2 a6 0-1

[Event "*** Titled Tuesday Blitz"]
[Site "Chess.com"]
[Date "2020.04.07"]
[Round "4"]
[White "olksuna"]
[Black "Antipov_Mikhail_Al"]
[Result "0-1"]
[WhiteElo "2598"]
[BlackElo "2950"]
[TimeControl "180+1"]
[EndTime "13:40:48 PDT"]
[Termination "Antipov_Mikhail_Al won by resignation"]

1. c4 g6 2. Nc3 Bg7 3. g3 c5 4.
Bg2 h5 5. d3 h4 6. Qd2 Nc6 7. b3 d6 8. Bb2 Nh6 9. Bxc6+ bxc6 10.
O-O-O Nf5 11. g4 Nd4 12. h3 e5 13. e3 a5 14. Kb1 Ne6 15. Nge2 O-O 16. f4 exf4 17. exf4 Nd4 18. f5 Re8 19. Rdf1 a4 20.
Nxd4 cxd4 21. Ne4 axb3 22. axb3 d5 23. f6 Bf8 24. Ng5 Qb6 25. Qf4 Qxb3 26. Qc7 Qxd3+ 27. Kc1 Qxc4+ 28. Kb1 Qd3+ 29. Kc1 Be6 30. Re1 Bh6 31. Qf4 Reb8 0-1

[Event "*** Titled Tuesday Blitz"]
[Site "Chess.com"]
[Date "2020.04.07"]
[Round "4"]
[White "djano"]
[Black "dmvlad"]
[Result "1-0"]
[WhiteElo "2483"]
[BlackElo "2308"]
[TimeControl "180+1"]
[EndTime "13:40:48 PDT"]
[Termination "djano won on time"]

1. g3 Nf6 2. Bg2 g6 3. Nf3 Bg7 4. O-O O-O 5. d4 d6 6. c4 Nc6 7.
Nc3 a6 8. b3 Rb8 9. d5 Na5 10. Bg5 c5 11. dxc6 bxc6 12. Rc1 c5 13.
Qd2 Bb7 14. Bh6 Nc6 15. Bxg7 Kxg7 16. Nd5 Nxd5 17. cxd5 Na7 18. e4 f6 19. Ne1 Qd7 20. a4 e5 21. dxe6 Qxe6 22. Qc3 Nc6 23. Nc2 Rfe8 24.
Rfd1 Red8 25. h4 Qe5 26. Qd2 Bc8 27. Qe3 Qb2 28. b4 Nxb4 29. Nxb4 Rxb4 30. Rxc5 Bg4 31.
Rc7+ Kg8 32. Qh6 Bd7 33. Bh3 Qb3 34. Rdc1 Qf7 35. Bxd7 1-0

[Event "*** Titled Tuesday Blitz"]
[Site "Chess.com"]
[Date "2020.04.07"]
[Round "4"]
[White "lachesisQ"]
[Black "Oneofmyturns"]
[Result "1-0"]
[WhiteElo "3140"]
[BlackElo "2605"]
[TimeControl "180+1"]
[EndTime "13:40:50 PDT"]
[Termination "lachesisQ won by resignation"]

1. c4 e6 2. Nc3 d5 3. e3 Nf6 4.
Nf3 c5 5. cxd5 exd5 6. b3 Nc6 7. Bb5 d4 8. Ne2 dxe3 9. fxe3 Bd6 10. Bb2 O-O 11. O-O Qe7 12. Bxc6 bxc6 13. Qc2 h6 14. Ng3 Bxg3 15. Bxf6 Qxf6 16. hxg3 Qd6 17. Kh2 Bg4 18. Rac1 Rad8 19. Rf2 Qf6 20. Qxc5 Rd5 21. Qc4 Be6 22. Qf4 Rf5 23. Qd4 Rh5+ 24. Kg1 Qg6 25. Qf4 Rf5 26. Nh4 Rxf4 27. Nxg6 Rxf2 28. Ne7+ Kh7 29. Kxf2 Rd8 30. d4 a5 31. Nxc6 Ra8 32. e4 a4 33. d5 axb3 34.
axb3 Ra2+ 35. Kf3 Bg4+ 36. Kxg4 1-0

[Event "*** Titled Tuesday Blitz"]
[Site "Chess.com"]
[Date "2020.04.07"]
[Round "4"]
[White "champ2005"]
[Black "BogdanDeac"]
[Result "0-1"]
[WhiteElo "2974"]
[BlackElo "2618"]
[TimeControl "180+1"]
[EndTime "13:40:50 PDT"]
[Termination "BogdanDeac won by resignation"]

1. c4 Nf6 2. Nf3 e6 3. g3 d5 4. d4 dxc4 5. Bg2 a6 6. O-O Nc6 7. e3 Rb8 8. Qe2 b5 9. b3 cxb3 10.
axb3 Be7 11. Bb2 O-O 12. Nbd2 Bb7 13. Rfc1 Nb4 14. Bc3 Nfd5 15. Ne5 Nxc3 16. Rxc3 Bxg2 17. Kxg2 c5 18. dxc5 Rc8 19. Rd1 Rxc5 20. Rxc5 Bxc5 21. Ne4 Qa8 22. Qf3 Be7 23. Rd7 Nd5 24. Nc3 Nxc3 25. Qxa8 Rxa8 26. Rxe7 a5 27. Rxf7 a4 28. bxa4 bxa4 29.
Rc7 Nd5 30. Rc1 Nb4 31. Nc6 Nxc6 32. Rxc6 a3 33. Rc1 a2 34. Ra1 Kf7 35. f4 e5 36.
Kf3 Ke6 37. Ke4 Ra4+ 38. Kd3 exf4 39. gxf4 Kf5 40. h3 h6 41. Ke2 Ke4 42. Kf2 Ra3 43. h4 h5 44. f5 Kxf5 45. Kf3 Ke5 46. Kf2 Ke4 0-1

[Event "*** Titled Tuesday Blitz"]
[Site "Chess.com"]
[Date "2020.04.07"]
[Round "4"]
[White "petrpalachev"]
[Black "Caracternin123"]
[Result "0-1"]
[WhiteElo "2741"]
[BlackElo "2565"]
[TimeControl "180+1"]
[EndTime "13:40:50 PDT"]
[Termination "Caracternin123 won on time"]

1. d4 Nf6 2. c4 c5 3. d5 b5 4. cxb5 a6 5. bxa6 g6 6. Nc3 Bg7 7. e4 O-O 8. Nf3 Qa5 9. Bd2 Bxa6 10. Be2 d6 11. O-O Nbd7 12. Re1 Rfb8 13. Qc2 Bxe2 14. Rxe2 Ng4 15. b3 Qa6 16. Rb1 c4 17. h3 Nge5 18. Nxe5 Nxe5 19. b4 Nd3 20. b5 Qa3 21. g3 Ra5 22. b6 Ra6 23. b7 Ra7 24. Nb5 Qxa2 25. Qxa2 Rxa2 26. Kf1 Rxb7 27. h4 Ra8 28. Bc3 Rab8 29.
Bxg7 Kxg7 30. Rc2 Rxb5 31. Rxb5 Rxb5 32. Rxc4 Rb1+ 33. Ke2 Ne5 34. Rc2 h5 35. Ra2 Rb3 0-1

[Event "*** Titled Tuesday Blitz"]
[Site "Chess.com"]
[Date "2020.04.07"]
[Round "4"]
[White "Shtembuliak"]
[Black "AliKa2810"]
[Result "1-0"]
[WhiteElo "2864"]
[BlackElo "2604"]
[TimeControl "180+1"]
[EndTime "13:40:51 PDT"]
[Termination "Shtembuliak won by resignation"]

1. c4 Nf6 2. Nc3 g6 3. e4 d6 4.
d4 Bg7 5. Nge2 O-O 6. Ng3 e5 7. d5 Nbd7 8. h4 h5 9. Be2 a5 10. Bg5 Qe8 11. Qd2 Nc5 12. f3 Nh7 13. Be3 b6 14.
O-O-O a4 15. Kb1 a3 16. b3 f5 17. exf5 gxf5 18. Bg5 e4 19. f4 Nf6 20. Bxf6 Bxf6 21. Nxh5 Bh8 22. Rh3 Kh7 23. Rg3 Bd7 24. Rg5 Qe7 25.
Qe3 Be8 26. Rh1 Bf7 27. Rxf5 Bg6 28. Rg5 Qf7 29. g4 Nd3 30. f5 Bxh5 31. Rxh5+ Kg8 32. Qg5+ Qg7 33. Nxe4 Nf4 34. f6 Qxg5 35. hxg5 Nxh5 36. gxh5 Rae8 37. Bd3 Re5 38. h6 Rfe8 39. Rh4 Rxg5 40.
Nxg5 Re1+ 41. Kc2 Bxf6 42. h7+ Kf8 43. h8=Q+ Bxh8 44. Rxh8+ Kg7 45. Ra8 Rg1 46. Ne6+ Kf6 47. Rxa3 Ke5 48. Ra7 c5 49. dxc6 Kxe6 50. c7 Rg8 51. Be4 1-0

[Event "*** Titled Tuesday Blitz"]
[Site "Chess.com"]
[Date "2020.04.07"]
[Round "4"]
[White "TwentyHoursADay"]
[Black "lilleper1"]
[Result "1-0"]
[WhiteElo "2505"]
[BlackElo "2653"]
[TimeControl "180+1"]
[EndTime "13:40:51 PDT"]
[Termination "TwentyHoursADay won by resignation"]

1. c4 c5 2. g3 Nc6 3. Bg2 g6 4. Nc3 Bg7 5. Nf3 d6 6. a3 b6 7.
Rb1 Bb7 8. b4 Nf6 9. O-O O-O 10.
d3 Rc8 11. b5 Na5 12. e4 e6 13. Bd2 Re8 14. Na4 d5 15. Bxa5 bxa5 16. e5 Nd7 17. Re1 Nb6 18. Qc2 Qe7 19. Nb2 Red8 20.
Re2 Rd7 21. Qc3 a4 22. Qc2 Rcd8 23. Nxa4 dxc4 24. dxc4 Bh6 25. Nb2 Bxf3 26. Bxf3 Rd2 27. Qc3 R8d4 28. a4 Nd7 29. Rbe1 Qg5 30. a5 Rxe2 31.
Rxe2 Nxe5 32. b6 Nxf3+ 33. Qxf3 axb6 34. axb6 Qc1+ 35. Kg2 Rd8 36. b7 Qa1 37. Nd3 Qa7 38. Ne5 Rf8 39. Nd7 Rd8 40. Nf6+ Kh8 41. Rb2 Bg7 42. Rb5 Bxf6 43. Qxf6+ 1-0

[Event "*** Titled Tuesday Blitz"]
[Site "Chess.com"]
[Date "2020.04.07"]
[Round "4"]
[White "Fenil1995"]
[Black "jncool68"]
[Result "0-1"]
[WhiteElo "2417"]
[BlackElo "2648"]
[TimeControl "180+1"]
[EndTime "13:40:51 PDT"]
[Termination "jncool68 won by checkmate"]

1. d4 Nf6 2. Nc3 d5 3. Bf4 e6 4. e3 a6 5. Nf3 c5 6. Bd3 Nc6 7. O-O cxd4 8. exd4 Be7 9. Ne2 O-O 10.
c3 b5 11. a4 b4 12. Ne5 Nxe5 13. Bxe5 bxc3 14. bxc3 Bd7 15. f4 Ne4 16. Bxe4 dxe4 17. d5 exd5 18. Qxd5 Qc8 19. Qxe4 Bf5 20. Qf3 Re8 21. Ng3 Bg4 22. Qd3 Be6 23. Rfe1 Bc4 24. Qf3 Bf8 25. Kh1 f6 26. Bd4 Qd7 27. a5 Bd5 28.
Qf2 Qc6 29. Nf5 Be4 30. Ne3 Rad8 31. f5 Bd6 32. Ng4 Bb8 33. Rg1 Qd6 34. Qh4 Bxf5 35. Ne3 Bg6 36. Raf1 Re4 37. Qh3 Rde8 38. Nf5 Bxf5 39.
Rxf5 Re1 40. Rh5 Rxg1+ 41. Bxg1 Re1 42. Rxh7 Rxg1+ 43. Kxg1 Ba7+ 44. Kf1 Qd1# 0-1

[Event "*** Titled Tuesday Blitz"]
[Site "Chess.com"]
[Date "2020.04.07"]
[Round "4"]
[White "PowerThinking2650"]
[Black "rugbyclub"]
[Result "1-0"]
[WhiteElo "2352"]
[BlackElo "2111"]
[TimeControl "180+1"]
[EndTime "13:40:51 PDT"]
[Termination "PowerThinking2650 won on time"]

1. e4 c5 2. Nf3 e6 3. d4 cxd4 4. Nxd4 a6 5. Nc3 b5 6. Bd3 Qb6 7. Nf3 Bb7 8. O-O Nc6 9. e5 f5 10. Re1 Nh6 11. Bxh6 gxh6 12. Nh4 O-O-O 13. Nxf5 exf5 14.
Nd5 Qd4 15. Bxf5 Qxd1 16. Raxd1 Bc5 17. Nf6 Nd4 18. Bh3 Bc6 19. c3 Ne6 20. b4 Bb6 21.
Rd6 Bc7 22. Rxc6 dxc6 23. Bxe6+ Kb7 24. f4 Rd2 25. Bb3 Bb6+ 26. Kh1 Rhd8 27. e6 Rb2 28. e7 Rdd2 29. e8=Q Rxg2 30. Re7+ Bc7 31. Rxc7+ Kxc7 32. Qd7+ Kb6 33. Qd8+ Kb7 34. Qe7+ Kb6 35. Nd5+ cxd5 36. Qd6+ 1-0